PA
ALAMEDA AIRMEN @ YELLOWKNIFE DRAGONBLOOD
05/03/2025
 
TOP OF THE 1ST
Alameda Airmen batting - Pitching for Yellowknife Dragonblood : LHP Fernando Elías
Pitching: LHP Fernando Elías
Batting: SHB Domingo Luna 0-0: Foul Ball, location: 2F
0-1: Ball
1-1: Called Strike
1-2: Foul Ball, location: 2F
1-2: Foul Ball, location: 2F
1-2: Foul Ball, location: 2F
1-2: Ground out 4-3 (Groundball, 34)
Batting: RHB Fernando Trinidad 0-0: Foul Ball, location: 2F
0-1: Swinging Strike
0-2: Foul Ball, location: 2F
0-2: Ball
1-2: Ground out 6-3 (Groundball, 6)
Batting: RHB Lenny Roper 0-0: Foul Ball, location: 2F
0-1: Ball
1-1: Ball
2-1: Ball
3-1: SINGLE (Line Drive, 89S)
Batting: LHB César Nieves 0-0: Foul Ball, location: 2F
0-1: Swinging Strike
0-2: Foul Ball, location: 2F
0-2: DOUBLE (Line Drive, 78D)
Lenny Roper to third
Runner from 3rd tries for Home, SAFE, no throw
Batting: SHB Joaquín Reyes 0-0: DOUBLE (Groundball, 5L)
César Nieves scores
Batting: RHB Bryant Skelly 0-0: Foul Ball, location: 2F
0-1: Ground out 5-3 (Groundball, 5)
Top of the 1st over - 2 run(s), 3 hit(s), 0 error(s), 1 left on base; Alameda 2 - Yellowknife 0
BOTTOM OF THE 1ST
Yellowknife Dragonblood batting - Pitching for Alameda Airmen : RHP Burm Snart
Pitching: RHP Burm Snart
Batting: LHB Colin Worthington 0-0: Ball
1-0: Swinging Strike
1-1: Fly out, F8 (Line Drive, 8RM)
Now in CF: Enrique Vásquez
Batting: LHB John O'Day 0-0: Ball
1-0: DOUBLE (Line Drive, 7LM)
Batting: RHB Martín Alejadre 0-0: Fly out, F8 (Flyball, 8RS)
Batting: RHB Anselmo Berneu 0-0: Called Strike
0-1: Foul Ball, location: 2F
0-2: Ball
1-2: Ball
2-2: Fly out, F9 (Flyball, 9S)
Bottom of the 1st over - 0 run(s), 1 hit(s), 0 error(s), 1 left on base; Alameda 2 - Yellowknife 0
TOP OF THE 2ND
Alameda Airmen batting - Pitching for Yellowknife Dragonblood : LHP Fernando Elías
Batting: LHB Enrique Vásquez 0-0: Swinging Strike
0-1: Foul Ball, location: 2F
0-2: SINGLE (Line Drive, 34D)
Batting: LHB Bob Maher 0-0: Called Strike
Enrique Vásquez steals 2nd base
0-1: Ball
1-1: Swinging Strike
1-2: Ball
2-2: Ball
3-2: Foul Ball, location: 2F
3-2: Foul Ball, location: 2F
3-2: Strikes out swinging
Batting: LHB Jorge Rodríguez 0-0: Swinging Strike
0-1: Called Strike
0-2: Strikes out looking
Batting: SHB Domingo Luna 0-0: Swinging Strike
0-1: Foul Ball, location: 2F
0-2: Strikes out swinging
Top of the 2nd over - 0 run(s), 1 hit(s), 0 error(s), 1 left on base; Alameda 2 - Yellowknife 0
BOTTOM OF THE 2ND
Yellowknife Dragonblood batting - Pitching for Alameda Airmen : RHP Burm Snart
Batting: RHB Felipe Campos 0-0: Fly out, F9 (Flyball, 89M)
Batting: RHB Seth Rollins 0-0: Ball
1-0: Ball
2-0: Called Strike
2-1: Foul Ball, location: 2F
2-2: Foul Ball, location: 2F
2-2: Foul Ball, location: 2F
2-2: Ball
3-2: Foul Ball, location: 2F
3-2: Foul Ball, location: 2F
3-2: Base on Balls
Batting: RHB IV Seacat 0-0: Ball
1-0: Ball
2-0: Called Strike
2-1: Called Strike
2-2: Foul Ball, location: 2F
2-2: SINGLE (Flyball, 8LS)
Seth Rollins to second
Batting: SHB Daniel Godart 0-0: Ball
1-0: Called Strike
1-1: Called Strike
1-2: Foul Ball, location: 2F
1-2: Foul Ball, location: 2F
1-2: Strikes out swinging
Batting: RHB Keith Kamen 0-0: Ball
1-0: Ball
2-0: Ball
3-0: Called Strike
3-1: Fly out, F9 (Flyball, 9)
Bottom of the 2nd over - 0 run(s), 1 hit(s), 0 error(s), 2 left on base; Alameda 2 - Yellowknife 0
TOP OF THE 3RD
Alameda Airmen batting - Pitching for Yellowknife Dragonblood : LHP Fernando Elías
Batting: RHB Fernando Trinidad 0-0: Ball
1-0: Foul Ball, location: 2F
1-1: Ball
2-1: Fly out, F8 (Flyball, 8LXD)
Batting: RHB Lenny Roper 0-0: Foul Ball, location: 2F
0-1: SINGLE (Groundball, 6D)
Batting: LHB César Nieves 0-0: SINGLE (Line Drive, 7S)
Lenny Roper to second
Batting: SHB Joaquín Reyes 0-0: Ball
1-0: Swinging Strike
1-1: Swinging Strike
1-2: Foul Ball, location: 2F
1-2: Strikes out swinging
Batting: RHB Bryant Skelly 0-0: Fly out, F8 (Flyball, 8LS)
Top of the 3rd over - 0 run(s), 2 hit(s), 0 error(s), 2 left on base; Alameda 2 - Yellowknife 0
BOTTOM OF THE 3RD
Yellowknife Dragonblood batting - Pitching for Alameda Airmen : RHP Burm Snart
Batting: LHB Colin Worthington 0-0: Called Strike
0-1: Ball
1-1: Ball
2-1: SINGLE (Groundball, 56D)
Batting: LHB John O'Day 0-0: Ball
1-0: Called Strike
1-1: Foul Ball, location: 2F
1-2: Foul Ball, location: 2F
1-2: Ball
2-2: Ball
3-2: Fly out, F6 (Line Drive, 6M)
Batting: RHB Martín Alejadre 0-0: Swinging Strike
0-1: Swinging Strike
0-2: Fielders Choice at 2nd, 3-6 (Groundball, 34)
Batting: RHB Anselmo Berneu 0-0: Ball
1-0: Ball
Martín Alejadre steals 2nd base
2-0: Ball
3-0: Called Strike
3-1: Swinging Strike
3-2: Foul Ball, location: 2F
3-2: Ground out 5-3 (Groundball, 56S)
Bottom of the 3rd over - 0 run(s), 1 hit(s), 0 error(s), 1 left on base; Alameda 2 - Yellowknife 0
TOP OF THE 4TH
Alameda Airmen batting - Pitching for Yellowknife Dragonblood : LHP Fernando Elías
Batting: LHB Enrique Vásquez 0-0: Ball
1-0: Called Strike
1-1: Swinging Strike
1-2: Strikes out swinging
Batting: LHB Bob Maher 0-0: Ball
1-0: Ball
2-0: Called Strike
2-1: Foul Ball, location: 2F
2-2: Strikes out swinging
Batting: LHB Jorge Rodríguez 0-0: Ball
1-0: Ball
2-0: Ground out U3 (Groundball, 3L)
Top of the 4th over - 0 run(s), 0 hit(s), 0 error(s), 0 left on base; Alameda 2 - Yellowknife 0
BOTTOM OF THE 4TH
Yellowknife Dragonblood batting - Pitching for Alameda Airmen : RHP Burm Snart
Batting: RHB Felipe Campos 0-0: Ball
1-0: Foul Ball, location: 2F
1-1: Ball
2-1: Foul Ball, location: 2F
2-2: Foul Ball, location: 2F
2-2: Foul Ball, location: 2F
2-2: Ball
3-2: Ground out 5-3 (Groundball, 56)
Batting: RHB Seth Rollins 0-0: Foul Ball, location: 2F
0-1: Ball
1-1: SINGLE (Groundball, 6MD)
Batting: RHB IV Seacat 0-0: Fly out, F8 (Flyball, 8LS)
Batting: SHB Daniel Godart 0-0: Ball
1-0: SINGLE (Flyball, 78S)
Seth Rollins to second
Batting: RHB Keith Kamen 0-0: Ball
1-0: Called Strike
1-1: Called Strike
1-2: Strikes out swinging
Bottom of the 4th over - 0 run(s), 2 hit(s), 0 error(s), 2 left on base; Alameda 2 - Yellowknife 0
TOP OF THE 5TH
Alameda Airmen batting - Pitching for Yellowknife Dragonblood : LHP Fernando Elías
Batting: SHB Domingo Luna 0-0: Foul Ball, location: 2F
0-1: Swinging Strike
0-2: Ball
1-2: Ball
2-2: Foul Ball, location: 2F
2-2: Ground out 5-3 (Groundball, 56)
Batting: RHB Fernando Trinidad 0-0: SINGLE (Groundball, 6MD)
Batting: RHB Lenny Roper 0-0: Called Strike
0-1: Foul Ball, location: 2F
0-2: Grounds into double play, 4-6-3 (Groundball, 4)
Top of the 5th over - 0 run(s), 1 hit(s), 0 error(s), 0 left on base; Alameda 2 - Yellowknife 0
BOTTOM OF THE 5TH
Yellowknife Dragonblood batting - Pitching for Alameda Airmen : RHP Burm Snart
Pitching: LHP Israel Arant
Batting: LHB Colin Worthington 0-0: Ball
1-0: Ball
2-0: Ball
3-0: Called Strike
3-1: Base on Balls
Batting: LHB John O'Day 0-0: Called Strike
Throwing error on steal attempt, E2
Colin Worthington to third
0-1: Ball
1-1: Swinging Strike
1-2: Ball
2-2: Foul Ball, location: 2F
2-2: Foul Ball, location: 2F
2-2: Foul Ball, location: 2F
2-2: Fly out, F4 (Popup, 4MD)
Batting: RHB Martín Alejadre 0-0: Called Strike
0-1: Called Strike
0-2: Strikes out swinging, 2-3 out at first.
Batting: RHB Anselmo Berneu 0-0: Foul Ball, location: 2F
0-1: Fly out, F4 (Popup, 4)
Bottom of the 5th over - 0 run(s), 0 hit(s), 1 error(s), 1 left on base; Alameda 2 - Yellowknife 0
TOP OF THE 6TH
Alameda Airmen batting - Pitching for Yellowknife Dragonblood : LHP Fernando Elías
Batting: LHB César Nieves 0-0: Called Strike
0-1: Swinging Strike
0-2: Strikes out looking
Batting: SHB Joaquín Reyes 0-0: Ball
1-0: Called Strike
1-1: Foul Ball, location: 2F
1-2: Ground out 4-3 (Groundball, 4)
Batting: RHB Bryant Skelly 0-0: Ball
1-0: Ball
2-0: Foul Ball, location: 2F
2-1: Ground out 5-3 (Groundball, 56S)
Top of the 6th over - 0 run(s), 0 hit(s), 0 error(s), 0 left on base; Alameda 2 - Yellowknife 0
BOTTOM OF THE 6TH
Yellowknife Dragonblood batting - Pitching for Alameda Airmen : LHP Israel Arant
Batting: RHB Felipe Campos 0-0: Foul Ball, location: 2F
0-1: DOUBLE (Line Drive, 89M)
Batting: RHB Seth Rollins 0-0: Reached on error, E4 (Groundball, 4)
Felipe Campos to third
Batting: RHB IV Seacat 0-0: Foul Ball, location: 2F
0-1: Foul Ball, location: 2F
0-2: Ball
1-2: Foul Ball, location: 2F
1-2: Ball
2-2: Fly out, F7 (Flyball, 7)
Runner from 3rd tags up, SCORES, no throw
Batting: SHB Daniel Godart 0-0: SINGLE (Groundball, 56D)
Seth Rollins to second
Batting: RHB Keith Kamen 0-0: Ball
1-0: Ball
2-0: SINGLE (Groundball, 6MD)
Seth Rollins to third
Daniel Godart to second
Batting: LHB Colin Worthington 0-0: SINGLE (Line Drive, 6M)
Seth Rollins scores
Daniel Godart to third
Keith Kamen to second
Runner from 3rd tries for Home, SAFE, no throw
Pitching: RHP Brent Lockhart
Batting: LHB John O'Day 0-0: Foul Ball, location: 2F
0-1: Ball
1-1: Ball
2-1: Called Strike
2-2: Foul Ball, location: 2F
2-2: Foul Ball, location: 2F
2-2: Foul Ball, location: 2F
2-2: Ball
3-2: Fielders Choice at 2nd, 6-4 (Groundball, 6)
Keith Kamen to third
Batting: RHB Martín Alejadre 0-0: Foul Ball, location: 2F
0-1: Ball
1-1: Called Strike
1-2: Ball
John O'Day steals 2nd base
2-2: Strikes out swinging
Bottom of the 6th over - 3 run(s), 4 hit(s), 1 error(s), 2 left on base; Alameda 2 - Yellowknife 3
TOP OF THE 7TH
Alameda Airmen batting - Pitching for Yellowknife Dragonblood : LHP Fernando Elías
Batting: LHB Enrique Vásquez 0-0: Called Strike
0-1: Ball
1-1: Swinging Strike
1-2: Strikes out swinging
Batting: LHB Bob Maher 0-0: Foul Ball, location: 2F
0-1: Ball
1-1: Ground out 3-1 (Groundball, 34S)
Batting: LHB Jorge Rodríguez 0-0: Called Strike
0-1: Ball
1-1: Called Strike
1-2: SINGLE (Groundball, 25) (infield hit)
Batting: SHB Domingo Luna 0-0: Ball
1-0: Called Strike
1-1: Foul Ball, location: 2F
1-2: Fielders Choice at 2nd, 5-4 (Groundball, 56)
Top of the 7th over - 0 run(s), 1 hit(s), 0 error(s), 0 left on base; Alameda 2 - Yellowknife 3
BOTTOM OF THE 7TH
Yellowknife Dragonblood batting - Pitching for Alameda Airmen : RHP Brent Lockhart
Batting: RHB Anselmo Berneu 0-0: Ball
1-0: Ball
2-0: SINGLE (Line Drive, 6MD)
Pinch Hitting: RHB Louis Gibbons 0-0: Ball
1-0: Ball
2-0: Called Strike
2-1: Ball
3-1: Called Strike
3-2: Base on Balls
Anselmo Berneu to second
Pinch Hitting: LHB Ramón Guzmán 0-0: Ball
1-0: Ball
2-0: SINGLE (Flyball, 78S)
Anselmo Berneu to third
Louis Gibbons to second
Runner from 3rd tries for Home, SAFE, throw made home
Batting: RHB IV Seacat 0-0: Sac Bunt - play at first, batter OUT! 3-4
Louis Gibbons to third
Ramón Guzmán to second
Pinch Hitting: RHB Arturo Sánchez 0-0: Intentional Walk
Pinch Hitting: RHB Sacha Nieuwenburg 0-0: Ball
1-0: Called Strike
1-1: SINGLE (Line Drive, 78M)
Louis Gibbons scores
Ramón Guzmán to third
Arturo Sánchez to second
Batting: LHB Colin Worthington 0-0: Fly out, F5 (Popup, 5L)
Batting: LHB John O'Day 0-0: Ball
1-0: Ball
2-0: Called Strike
2-1: Reached on error, E6 (Popup, 56)
Ramón Guzmán scores
Arturo Sánchez to third
Sacha Nieuwenburg to second
Pitching: LHP Diego Vázquez
Batting: RHB Martín Alejadre 0-0: Ball
1-0: Called Strike
1-1: Fly out, F8 (Flyball, 8RS)
Bottom of the 7th over - 3 run(s), 3 hit(s), 1 error(s), 3 left on base; Alameda 2 - Yellowknife 6
TOP OF THE 8TH
Alameda Airmen batting - Pitching for Yellowknife Dragonblood : LHP Fernando Elías
Pitching: RHP Manuel Torres
Now at 1B: Arturo Sánchez
Now at 2B: Louis Gibbons
Now at 3B: Sacha Nieuwenburg
Now in RF: Ramón Guzmán
Batting: RHB Fernando Trinidad 0-0: Swinging Strike
0-1: DOUBLE (Flyball, 89M)
Batting: RHB Lenny Roper 0-0: Called Strike
0-1: Called Strike
0-2: Strikes out looking
Batting: LHB César Nieves 0-0: Called Strike
0-1: Called Strike
0-2: Strikes out swinging
Batting: SHB Joaquín Reyes 0-0: Ball
1-0: SINGLE (Groundball, 6D)
Fernando Trinidad to third
Runner from 3rd tries for Home, SAFE, no throw
Pitching: LHP Corbin Jameson
Batting: RHB Bryant Skelly 0-0: Ball
1-0: Called Strike
1-1: SINGLE (Groundball, 4MD)
Joaquín Reyes to second
Batting: LHB Enrique Vásquez 0-0: Ball
1-0: Called Strike
1-1: Ball
2-1: DOUBLE (Line Drive, 89XD)
Joaquín Reyes scores
Bryant Skelly to third
Runner from 3rd tries for Home, SAFE, no throw
Pinch Hitting: RHB Javier Marino 0-0: Ball
1-0: Ball
2-0: Called Strike
2-1: Ball
3-1: Base on Balls
Batting: LHB Jorge Rodríguez 0-0: Called Strike
0-1: Foul Ball, location: 2F
0-2: Ball
1-2: Ground out 1-3 (Groundball, 13)
Top of the 8th over - 3 run(s), 4 hit(s), 0 error(s), 2 left on base; Alameda 5 - Yellowknife 6
BOTTOM OF THE 8TH
Yellowknife Dragonblood batting - Pitching for Alameda Airmen : LHP Diego Vázquez
Now at 1B: Mario Salazar
Batting: RHB Anselmo Berneu 0-0: Ball
1-0: Called Strike
1-1: Ball
2-1: Foul Ball, location: 2F
2-2: SINGLE (Groundball, 4MD)
Batting: RHB Louis Gibbons 0-0: Called Strike
0-1: SINGLE (Line Drive, 34)
Anselmo Berneu to second
Batting: LHB Ramón Guzmán 0-0: Swinging Strike
0-1: Sac Bunt - play at first, batter OUT! 1-3
Anselmo Berneu to third
Louis Gibbons to second
Batting: RHB IV Seacat 0-0: Called Strike
0-1: Ball
1-1: Fly out, F9 (Flyball, 9S)
Batting: RHB Arturo Sánchez 0-0: Called Strike
0-1: Foul Ball, location: 2F
0-2: Ground out 4-3 (Groundball, 4)
Bottom of the 8th over - 0 run(s), 2 hit(s), 0 error(s), 2 left on base; Alameda 5 - Yellowknife 6
TOP OF THE 9TH
Alameda Airmen batting - Pitching for Yellowknife Dragonblood : LHP Corbin Jameson
Pitching: RHP Derrick Quispe
Now at SS: Rob Berry
Batting: SHB Domingo Luna 0-0: Called Strike
0-1: Ball
1-1: Called Strike
1-2: Foul Ball, location: 2F
1-2: Ball
2-2: Strikes out swinging
Batting: RHB Fernando Trinidad 0-0: DOUBLE (Flyball, 89M)
Batting: RHB Lenny Roper 0-0: Ball
1-0: Fly out, F9 (Line Drive, 9)
Batting: LHB César Nieves 0-0: Ball
1-0: Ball
2-0: Foul Ball, location: 2F
2-1: Ball
3-1: Foul Ball, location: 2F
3-2: Fly out, F8 (Flyball, 8LM)
Top of the 9th over - 0 run(s), 1 hit(s), 0 error(s), 1 left on base; Alameda 5 - Yellowknife 6
Friday, December 30th, 2016 - OOTP Baseball 17.12 Build 75